 Dungeon Crawl Stone Soup version 0.29.1-4-g47bece8355 (webtiles) character file.

Game seed: 4822552143051203157

583 Gabide the Purveyor of Pain (level 7, -2/54 HPs)
             Began as a Mummy Necromancer on Dec 8, 2022.
             Was an Initiate of Kikubaaqudgha.
             Slain by a wight
             ... wielding a +0 scimitar
              (10 damage)
             ... on level 5 of the Dungeon.
             The game lasted 00:07:37 (6166 turns).

Gabide the Purveyor of Pain (Mummy Necromancer)     Turns: 6166, Time: 00:07:38

Health: -2/54      AC:  4    Str: 11    XL:     7   Next: 14%
Magic:  5/11       EV: 12    Int: 17    God:    Kikubaaqudgha [......]
Gold:   217        SH:  0    Dex: 12    Spells: 8/12 levels left

rFire   x . .      SeeInvis .     - Unarmed
rCold   + . .      Faith    .   (no shield)
rNeg    + + +      Spirit   .   a - +0 robe
rPois   ∞          Reflect  .   (no helmet)
rElec   .          Harm     .   (no cloak)
rCorr   .          Rampage  .   f - +0 pair of gloves
Will    +....                   k - +0 pair of boots
Stlth   ++........              j - amulet of the acrobat
HPRegen 0.18/turn               h - ring of willpower
MPRegen 0.12/turn               (no ring)

@: no status effects
A: cold resistance 1, negative energy resistance 3, torment resistance 2, heat
vulnerability 1, in touch with death 1, no potions
a: Renounce Religion


You were on level 5 of the Dungeon.
You worshipped Kikubaaqudgha.
Kikubaaqudgha was noncommittal.
You visited 2 branches of the dungeon, and saw 7 of its levels.

You collected 217 gold pieces.

Inventory:

Missiles
 e - 3 javelins
 m - 7 boomerangs
Armour
 a - a +0 robe (worn)
 f - a +0 pair of gloves (worn)
 k - a +0 pair of boots (worn)
Jewellery
 h - a ring of willpower (left hand)
 j - an amulet of the acrobat (around neck)
Scrolls
 c - 2 scrolls of identify
 d - a scroll of poison
 g - 2 scrolls of teleportation
 i - 2 scrolls of immolation
 l - a scroll of magic mapping


   Skills:
 - Level 4.0 Fighting
 + Level 3.3 Dodging
 - Level 2.0 Stealth
 - Level 4.0 Unarmed Combat
 - Level 3.0 Spellcasting
 - Level 4.0 Necromancy


You had 8 spell levels left.
You knew the following spells:

 Your Spells              Type           Power      Damage    Failure   Level
a - Necrotise             Necr           96%        1d8       3%          1
b - Vampiric Draining     Necr           24%        2d7       10%         3

Your spell library contained the following spells:

 Spells                   Type           Power      Damage    Failure   Level
 Animate Dead             Necr           24%        N/A       32%         4
 Gell's Gravitas          Tloc           2%         N/A       45%         3
 Lesser Beckoning         Tloc           2%         N/A       45%         3
 Teleport Other           Tloc           2%         N/A       45%         3
 Agony                    Necr           24%        N/A       67%         5


Dungeon Overview and Level Annotations

Branches:
Dungeon (6/15)             Temple (1/1) D:5

Altars:
Ashenzari
Cheibriados
Fedhas
Gozag
Hepliaklqana
Kikubaaqudgha
Nemelex Xobeh
Okawaru
Ru
Sif Muna
Trog
Uskayaw
Vehumet
Wu Jian

Annotations:
D:5 Sigmund


Innate Abilities, Weirdness & Mutations

You are immune to poison.
Your flesh is cold resistant. (rC+)
You are immune to negative energy. (rN+++)
You are immune to unholy pain and torment.
You are vulnerable to heat. (rF-)
You are in touch with the powers of death.
You do not drink.


Message History

The wight is lightly damaged.
The wight hits you with a +0 scimitar!
You are too injured to fight recklessly!
You are too injured to fight recklessly!
You are too injured to fight recklessly!
You are too injured to fight recklessly!
You are too injured to fight recklessly!
You are too injured to fight recklessly!
You are too injured to fight recklessly!
You are too injured to fight recklessly!
You are too injured to fight recklessly!
You are too injured to fight recklessly!
You are too injured to fight recklessly!
You are too injured to fight recklessly!
You are too injured to fight recklessly!
You are too injured to fight recklessly!
You are too injured to fight recklessly!
You are too injured to fight recklessly!
Press: ? - help, v - describe, . - travel
Here: a wight, wielding a +0 scimitar and wearing a +0 robe (lightly damaged)
The floor.
Unknown command.
The wight completely misses you.
Press: ? - help, v - describe, . - travel
Here: a wight, wielding a +0 scimitar and wearing a +0 robe (lightly damaged)
The floor.
Unknown command.
Press: ? - help, v - describe, . - travel
Here: a wight, wielding a +0 scimitar and wearing a +0 robe (lightly damaged)
The floor.
Unknown command.
Unknown command.
Unknown command.
You hit the wight but do no damage.
The wight is lightly damaged.
The wight hits you with a +0 scimitar!
* * * LOW HITPOINT WARNING * * *
The wight attacks as you move away! The wight hits you with a +0 scimitar!
You die...
Kikubaaqudgha rasps: "You have failed me!
Welcome... oblivion!"

###############
####.......##.....
#.z.>...##[##.####
#@##.##(......#
#.#.....##.####
#.##.##.##.#
###.......##.##
#.............## ###
#.#######.....##@#..
####.#### #.....#
.#.# #.......#
#.....# ...
#.##.##.## #.....#
#.#


You could see a wight.

Vanquished Creatures
  An ogre (D:5)
  A centaur (D:6)
  A necrophage (D:4)
  A howler monkey (D:3)
  A hound (D:5)
  An orc priest (D:5)
  A gnoll bouda (D:4)
  An iguana (D:4)
  6 gnolls
  5 adders
  A worm (D:2)
  4 dart slugs
  6 orcs
  6 ball pythons
  10 endoplasms
  3 giant cockroaches
  5 goblins
  12 hobgoblins
  4 quokkas
  4 bats
  4 frilled lizards
  4 kobolds
  9 rats
91 creatures vanquished.

Vanquished Creatures (collateral kills)
  An adder (D:2)
  A ball python (D:2)
  A giant cockroach (D:1)
  A goblin (D:2)
  A rat (D:2)
5 creatures vanquished.

Vanquished Creatures (others)
  4 toadstools (D:1)
4 creatures vanquished.

Grand Total: 100 creatures vanquished

Notes
Turn   | Place    | Note
-------+----------+-------------------------------------------
     0 | D:1      | Gabide the Mummy Necromancer began the quest for the Orb.
     0 | D:1      | Reached XP level 1. HP: 13/13 MP: 4/4
   384 | D:1      | Found a faded altar of an unknown god.
   389 | D:1      | Reached skill level 1 in Fighting
   389 | D:1      | Reached XP level 2. HP: 21/21 MP: 3/5
   933 | D:1      | Gained mutation: You are in touch with the powers of death.
                  | [Mummy growth]
   933 | D:1      | Reached XP level 3. HP: 27/27 MP: 5/7
  1024 | D:1      | Reached skill level 1 in Unarmed Combat
  1553 | D:2      | Learned a level 3 spell: Vampiric Draining
  1654 | D:2      | Reached XP level 4. HP: 33/33 MP: 4/8
  2240 | D:3      | Found an iron altar of Okawaru.
  2284 | D:3      | You fall into a shaft and drop 2 floors!
  2284 | D:5      | Entered Level 5 of the Dungeon
  2680 | D:3      | Reached XP level 5. HP: 41/41 MP: 5/9
  4431 | D:4      | Reached XP level 6. HP: 48/48 MP: 7/10
  4804 | D:5      | Found a staircase to the Ecumenical Temple.
  5373 | Temple   | Entered the Ecumenical Temple
  5395 | Temple   | Became a worshipper of Kikubaaqudgha
  5525 | D:5      | Noticed Sigmund
  6150 | D:6      | Noticed an ice beast
  6154 | D:6      | Reached XP level 7. HP: 44/54 MP: 4/11
  6166 | D:5      | Slain by a wight

Illustrated notes

Levels and vault maps discovered:
D:1:      ldierk_walled_garden_2, layout_basic, shapermc_ecumenical_altar_gd
D:2:      layout_rooms
D:3:      layout_basic, mainiacjoe_overflow_cross_hatched
D:4:      layout_basic
D:5:      layout_loops_cross, minmay_temple_entry_trees,
          chequers_serial_rivers_marsh, nicolae_titane, uniq_sigmund
D:6:      layout_basic, serial_shops, shop, uniq_edmund
Temple:   hellmonk_temple_of_storms

Skill      XL: |  1  2  3  4  5  6 |
---------------+-------------------+-----
Dodging        | 2 3 |  3.3
Fighting       | 1 2 3 4 |  4.0
Unarmed Combat | 2 4 |  4.0
Spellcasting   | 3 |  3.0
Stealth        | 2 |  2.0
Necromancy     | |  4.0

Action                   |  1- 3 |  4- 6 |  7- 9 || total
-------------------------+-------+-------+-------++-------
Melee: Unarmed           |    11 |    20 |     7 ||    38
       Punch             |       |     1 |       ||     1
 Cast: Necrotise         |    67 |   142 |       ||   209
       Vampiric Draining |       |     4 |       ||     4
  Use: Scroll            |       |     5 |       ||     5
Armor: Robe              |     2 |    12 |       ||    14
Dodge: Dodged            |    19 |    49 |     5 ||    73
